 Dungeon Crawl Stone Soup version 0.19.1-1-g22dce08 (webtiles) character file.

70 ponk the Grave Robber (level 4, 0/30 HPs)
             Began as a Mummy Necromancer on Jan 12, 2017.
             Was an Initiate of Yredelemnul.
             Slain by a scorpion (2 damage)
             ... on level 2 of the Dungeon.
             The game lasted 00:11:15 (2200 turns).

ponk the Grave Robber (Mummy Necromancer)           Turns: 2200, Time: 00:11:16

Health: 0/30       AC:  3    Str: 11    XL:     4   Next: 4%
Magic:  2/8        EV: 12    Int: 15    God:    Yredelemnul [......]
Gold:   46         SH:  0    Dex: 12    Spells: 3 memorised, 2 levels left

rFire  x . .     SeeInvis .     (no weapon)
rCold  + . .     Gourm    .     a - +0 robe
rNeg   + + +     Faith    .     (no shield)
rPois  ∞         Spirit   .     (no helmet)
rElec  .         Reflect  .     (no cloak)
rCorr  .         Harm     .     c - +0 pair of gloves
MR     .....                    (no boots)
Stlth  ++........               (no amulet)
                                (no ring)
                                (no ring)

@: no status effects
A: no food or potions, fire vulnerability, cold resistance 1, negative energy
resistance 3, torment resistance, unbreathing
a: Renounce Religion


You were on level 2 of the Dungeon.
You worshipped Yredelemnul.
Yredelemnul was noncommittal.
You were not hungry.

You visited 1 branch of the dungeon, and saw 3 of its levels.

You collected 46 gold pieces.

Inventory:

Hand Weapons
 h - a +0 spear
Armour
 a - a +0 robe (worn)
 c - a +0 pair of gloves (worn)
Scrolls
 d - a scroll of teleportation
 f - a scroll of identify
 g - a scroll of remove curse
Books
 b - a book of Necromancy

   Spells                             Type                      Level
   a - Pain                           Necromancy                   1
   b - Animate Skeleton               Necromancy                   1
   c - Vampiric Draining              Necromancy                   3
   d - Regeneration                   Charms/Necromancy            3
   e - Animate Dead                   Necromancy                   4
   f - Control Undead                 Necromancy                   4


   Skills:
 - Level 0.2 Fighting
 - Level 2.0 Dodging
 - Level 1.6 Stealth
 + Level 2.7 Spellcasting
 * Level 4.8 Necromancy


You had 2 spell levels left.
You knew the following spells:

 Your Spells              Type           Power        Failure   Level  Hunger
a - Pain                  Necr           ###.         2%          1    N/A
b - Animate Skeleton      Necr           N/A          2%          1    N/A
c - Animate Dead          Necr           N/A          28%         4    N/A

Dungeon Overview and Level Annotations

Branches:
Dungeon (3/15)

Altars:
Yredelemnul

Annotations:
D:2 Natasha


Innate Abilities, Weirdness & Mutations

You do not eat or drink.
Your flesh is vulnerable to fire.
You are immune to poison.
Your flesh is cold resistant. (rC+)
You are immune to negative energy. (rN+++)
You are immune to unholy pain and torment.
You can survive without breathing.


Message History

The scorpion stings you.
* * * LOW HITPOINT WARNING * * *
You climb upwards.
Level annotation: Natasha
There is a stone staircase leading down here.
The scorpion stings you.
* * * LOW HITPOINT WARNING * * *
You climb downwards.
There is a stone staircase leading up here.
The scorpion misses you.
Your magical contamination has completely faded away.
You climb upwards.
Level annotation: Natasha
There is a stone staircase leading down here.
You can't drink.
As you read the scroll labeled TIKARA ERPHOU, it crumbles to dust.
The scroll dissolves into smoke.
It was a scroll of fog.
The scorpion stings you.
You die...
Yredelemnul claims you as an undead slave.

..####......#
.....#.##.#.#
..##.#.#....#
...#.#.#..###
##.#.#.#..###
##...#.#....# ###
.......#.##.# #§#
.......#....####§#
..............§§@#
............####s#
.......####.# #§#
.......# .# #.#
.......### # #.#
.........# #.#
..#.####.# ..#
..#<.#...# ###
..##.#.###


You could see a scorpion.

Vanquished Creatures
  3 adders (D:2)
  3 leopard geckos
  2 giant cockroaches
  3 goblins
  5 hobgoblins
  5 bats
  3 frilled lizards
  5 kobolds
  7 rats
36 creatures vanquished.

Vanquished Creatures (collateral kills)
  A leopard gecko (D:1)
  A goblin (D:2)
  4 bats
  A frilled lizard (D:1)
  A rat (D:2)
8 creatures vanquished.

Grand Total: 44 creatures vanquished

Notes
Turn   | Place    | Note
-------+----------+-------------------------------------------
     0 | D:1      | ponk the Mummy Necromancer began the quest for the Orb.
     0 | D:1      | Reached XP level 1. HP: 13/13 MP: 3/3
     4 | D:1      | Learned a level 1 spell: Animate Skeleton
   336 | D:1      | Reached XP level 2. HP: 19/19 MP: 0/5
  1036 | D:2      | Reached XP level 3. HP: 22/24 MP: 1/6
  1311 | D:2      | Found a basalt altar of Yredelemnul.
  1317 | D:2      | Became a worshipper of Yredelemnul the Dark
  1712 | D:2      | Reached XP level 4. HP: 30/30 MP: 5/8
  1746 | D:2      | Noticed Natasha
  1934 | D:3      | Learned a level 4 spell: Animate Dead
  2196 | D:2      | HP: 1/30 [scorpion (3)]
  2200 | D:2      | Slain by a scorpion

Skill      XL: |  1  2  3 |
---------------+----------+-----
Dodging        | 2 |  2.0
Fighting       | |  0.2
Stealth        | |  1.6
Spellcasting   | |  2.7
Necromancy     | |  4.8

Action                   |  1- 3 |  4- 6 || total
-------------------------+-------+-------++-------
Melee: Short sword       |     7 |       ||     7
       Unarmed           |     5 |     1 ||     6
 Cast: Pain              |    60 |    10 ||    70
       Animate Skeleton  |    10 |       ||    10
       Animate Dead      |       |     2 ||     2
  Use: Scroll            |     4 |     1 ||     5
Armor: Robe              |    16 |     2 ||    18
Dodge: Dodged            |    55 |    10 ||    65
